 Dungeon Crawl Stone Soup version 0.29-a0-721-g7f417c9bbb (webtiles) character file.

Game seed: 8888025078156653504

207 blackman the Chopper (level 6, 0/47 HPs)
             Began as a Human Delver on June 28, 2022.
             Slain by a centaur zombie (2 damage)
             ... in an ossuary.
             The game lasted 00:02:41 (1044 turns).

blackman the Chopper (Human Delver)                 Turns: 1044, Time: 00:02:42

Health: 0/47       AC:  3    Str: 15    XL:     6   Next: 10%
Magic:  6/6        EV: 12    Int: 10    God:
Gold:   5          SH:  0    Dex: 14    Spells: 5/5 levels left

rFire   . . .      SeeInvis .   a - +0 hand axe
rCold   . . .      Faith    .   (no shield)
rNeg    . . .      Spirit   .   b - +0 leather armour
rPois   .          Reflect  .   (no helmet)
rElec   .          Harm     .   (no cloak)
rCorr   .          Rampage  .   (no gloves)
Will    .....                   (no boots)
Stlth   +++.......              (no amulet)
HPRegen 0.15/turn               (no ring)
MPRegen 0.10/turn               (no ring)

@: no status effects
A: no striking features
a: no special abilities


You were in an ossuary.
You visited 1 branch of the dungeon, and saw 4 of its levels.
You also visited: Ossuary.

You collected 5 gold pieces.

Inventory:

Hand Weapons
 a - a +0 hand axe (weapon)
Armour
 b - a +0 leather armour (worn)
Jewellery
 e - a ring of ice
Wands
 g - a wand of digging (2)
Scrolls
 c - a scroll of fog
 d - a scroll of magic mapping


   Skills:
 - Level 3.0 Fighting
 + Level 5.9 Axes
 - Level 2.0 Dodging
 - Level 5.0 Stealth


You had 5 spell levels left.
You didn't know any spells.
Your spell library was empty.

Dungeon Overview and Level Annotations

Branches:
Dungeon (7/15)            Ossuary (1/1)
 Temple: D:4-7

Altars:

Annotations:
D:5 Grinder
D:6 Edmund


Message History

The centaur zombie is severely damaged.
You hit the centaur zombie but do no damage.
The centaur zombie hits you but does no damage.
The centaur zombie kicks you but does no damage.
The centaur zombie hits you.
* * * LOW HITPOINT WARNING * * *
The centaur zombie kicks you.
* * * LOW HITPOINT WARNING * * *
Cleave: a) +0 hand axe
Press: ? - help, Dir - move target, f/p - centaur zombie
Aim: a centaur zombie (severely damaged, about 10% to evade your +0 hand axe)
You hit the centaur zombie.
The centaur zombie is severely damaged.
You hit the centaur zombie.
The centaur zombie closely misses you. x2
The centaur zombie barely misses you.
The centaur zombie kicks you but does no damage.
The centaur zombie hits you.
* * * LOW HITPOINT WARNING * * *
The centaur zombie misses you. The centaur zombie hits you.
* * * LOW HITPOINT WARNING * * *
The centaur zombie kicks you.
* * * LOW HITPOINT WARNING * * *
Unknown command.
Cleave: a) +0 hand axe
Press: ? - help, Dir - move target, f/p - centaur zombie
Aim: a centaur zombie (severely damaged, about 10% to evade your +0 hand axe)
You hit the centaur zombie but do no damage.
The centaur zombie is severely damaged.
You hit the centaur zombie. The centaur zombie hits you.
* * * LOW HITPOINT WARNING * * *
The centaur zombie closely misses you. The centaur zombie hits you.
* * * LOW HITPOINT WARNING * * *
The centaur zombie barely misses you.
Cleave: a) +0 hand axe
Press: ? - help, Dir - move target, f/p - centaur zombie
Aim: a centaur zombie (severely damaged, about 10% to evade your +0 hand axe)
You hit the centaur zombie.
The centaur zombie is almost destroyed.
You hit the centaur zombie. The centaur zombie hits you.
You die...

#..# #.. #..# #..
#.∩# #.. #..# #..
#..# #.. #.∩# #..
#..# ##.Z## ##..#
#...@# #...#
#..Z.# #...#
##....## ##...#
##......#+#....#
................#
................#
#################


You could see 2 centaur zombies.

Vanquished Creatures
  A black bear (D:6)
  A howler monkey (D:5)
  A hound (D:4)
  A hound zombie (Ossuary)
  2 adders
  An adder zombie (Ossuary)
  A dart slug (D:4)
  A goblin (D:4)
  A hobgoblin (D:4)
  4 jackal zombies (Ossuary)
  An orc zombie (Ossuary)
  A rat zombie (Ossuary)
16 creatures vanquished.

Notes
Turn   | Place    | Note
-------+----------+-------------------------------------------
     0 | D:5      | blackman the Human Delver began the quest for the Orb.
     0 | D:5      | Reached XP level 1. HP: 18/18 MP: 1/1
     5 | D:5      | Noticed a hound
     5 | D:5      | Noticed a howler monkey
    26 | D:6      | Noticed a water moccasin
    33 | D:6      | Noticed a black bear
    40 | D:6      | Noticed Edmund
    85 | D:6      | Killed a black bear
    86 | D:6      | Reached XP level 2. HP: 9/24 MP: 2/2
    86 | D:6      | Reached XP level 3. HP: 11/29 MP: 3/3
    86 | D:6      | Reached XP level 4. HP: 13/35 MP: 4/4
   602 | D:7      | Noticed a bullfrog
   637 | D:5      | Reached skill level 5 in Axes
   637 | D:5      | Reached XP level 5. HP: 28/41 MP: 5/5
   710 | D:5      | Noticed Grinder
   956 | D:4      | Found a sand-covered staircase.
   965 | Ossuary  | Entered an ossuary
   991 | Ossuary  | Reached XP level 6. HP: 44/47 MP: 6/6
  1043 | Ossuary  | HP: 2/47 [centaur zombie (1)]
  1044 | Ossuary  | Slain by a centaur zombie

Illustrated notes

Levels and vault maps discovered:
D:4:      nicolae_cairo_tiling, layout_basic, mainiacjoe_overflow_big_doors,
          nicolae_ossuary_entry_monument, grunt_ministairs_8,
          amcnicky_mini_pool_small, minmay_quantized, uniq_ijyb
D:5:      layout_cave_pools, minmay_temple_entry_offerings, uniq_grinder,
          uniq_blork_the_orc
D:6:      kennysheep_spiral_hall, layout_layer_cave, uniq_edmund
D:7:      layout_layer_cave, serial_shops, nicolae_shop_hallway_plus
Ossuary:  minmay_ossuary_two_tombs

Skill      XL: |  1  2  3  4 |
---------------+-------------+-----
Axes           | 4 5 |  5.9
Fighting       | |  3.0
Dodging        | |  2.0
Stealth        | |  5.0

Action                   |  1- 3 |  4- 6 || total
-------------------------+-------+-------++-------
Melee: Hand axe          |     8 |    75 ||    83
       Punch             |       |     2 ||     2
Evoke: Wand              |     1 |       ||     1
  Use: Scroll            |     1 |       ||     1
       Potion            |     1 |       ||     1
Armor: Leather armour    |     6 |    35 ||    41
Dodge: Dodged            |     5 |    70 ||    75

Table legend: (Time is in decaauts)
 A = Elapsed time spent in this place.
 B = Non-inter-level travel time spent in this place.
 C = Inter-level travel time spent in this place.
 D = Time resting spent in this place.
 E = Time spent auto-exploring this place.
 F = Levels seen in this place.
 G = Mean time per level.
                   A        B        C        D        E       F      G
               +--------+--------+--------+--------+--------+-----+--------+
         Total |   1027 |   1009 |     18 |    653 |     52 |   5 |  205.4 |
       Dungeon |    948 |    930 |     18 |    653 |     27 |   4 |  237.0 |
       Ossuary |     78 |     78 |      0 |      0 |     25 |   1 |   78.0 |
               +--------+--------+--------+--------+--------+-----+--------+

Top non-repeatable levels by time:
     D:6: 583 daAuts
     D:4: 253 daAuts
     D:5: 100 daAuts
 Ossuary: 78 daAuts
     D:7: 11 daAuts
